 Dungeon Crawl Stone Soup version 0.30-a0-793-g160f7cfddd (webtiles) character file.

Game seed: 16635582121604942549

1424 Ceno the Digger (level 9, -2/57 HPs)
             Began as a Formicid Earth Elementalist on Feb 20, 2023.
             Was a Follower of Zin.
             Killed from afar by Dowan (4 damage)
             ... with a puff of flame
             ... on level 6 of the Dungeon.
             The game lasted 00:20:52 (6013 turns).

Ceno the Digger (Formicid Earth Elementalist)       Turns: 6013, Time: 00:20:53

Health: -2/57      AC:  8    Str: 15    XL:     9   Next: 2%
Magic:  15/15      EV: 26    Int: 17    God:    Zin [*.....]
Gold:   200        SH:  0    Dex: 14    Spells: 10/16 levels left

rFire   . . .      SeeInvis +    c - +0 dagger
rCold   . . .      Faith    .    (no shield)
rNeg    . . .      Spirit   .    m - +2 leather armour "Ulaunye" {Slay+4}
rPois   .          Reflect  .    (helmet unavailable)
rElec   .          Harm     .    (no cloak)
rCorr   .          Rampage  .    l - +0 pair of gloves
Will    .....                    k - +1 pair of boots
Stlth   +++                      j - amulet of the acrobat
HPRegen 0.29/turn                g - ring of flight
MPRegen 0.14/turn                (no ring)

@: acrobatic, flying
A: permanent stasis, dig shafts and tunnels, antennae 3, four strong arms
a: Dig, Shaft Self, Renounce Religion, Recite, Donate Gold


You were on level 6 of the Dungeon.
You worshipped Zin.
Zin was aware of your devotion.
You visited 2 branches of the dungeon, and saw 9 of its levels.

You collected 222 gold pieces.
You donated 22 gold pieces to Zin.

Inventory:

Hand Weapons
 c - a +0 dagger (weapon)
 w - a +0 dire flail
Missiles
 h - 38 stones (quivered)
 t - 2 curare-tipped darts
Armour
 k - a +1 pair of boots (worn)
 l - a +0 pair of gloves (worn)
 m - the +2 leather armour "Ulaunye" (worn) {Slay+4}
   (You found it on level 2 of the Dungeon)

   Slay:      It affects your accuracy & damage with ranged weapons and melee
   (+4).
Jewellery
 g - a ring of flight (left hand)
 j - an amulet of the acrobat (around neck)
 p - an amulet of regeneration
Wands
 d - a wand of mindburst (15)
Scrolls
 f - a scroll of poison {unknown}
 i - a scroll of fog {unknown}
 n - 2 scrolls of fear {unknown}
 o - a scroll of magic mapping
 s - a scroll of amnesia {unknown}
 u - a scroll of immolation {unknown}
 v - a scroll of noise {unknown}
Potions
 a - a potion of mutation {unknown}
 b - a potion of magic
 e - 6 potions of curing
 q - 2 potions of cancellation
 r - 2 potions of brilliance {unknown}


   Skills:
 - Level 1.7 Dodging
 - Level 5.0 Stealth
 - Level 4.0 Spellcasting
 + Level 4.9 Conjurations
 + Level 5.4 Transmutations
 + Level 6.2 Earth Magic
 + Level 4.0 Invocations


You had 10 spell levels left.
You knew the following spells:

 Your Spells              Type           Power      Damage    Failure   Level
a - Sandblast             Erth           48%        2d12      1%          1
b - Passwall              Tmut/Erth      19%        N/A       2%          2
c - Stone Arrow           Conj/Erth      44%        3d9       6%          3

Your spell library contained the following spells:

 Spells                   Type           Power      Damage    Failure   Level
 Petrify                  Tmut/Erth      23%        N/A       17%         4
 Apportation              Tloc           6%         N/A       19%         1
 Necrotise                Necr           12%        1d4       19%         1
 Summon Small Mammal      Summ           12%        N/A       19%         1
 Cigotuvi's Dreadful Rot  Necr/Pois/Air  6%         N/A       28%         2
 Ensorcelled Hibernation  Hex/Ice        6%         N/A       28%         2
 Kindle Blastsparks       Fire/Tloc/Air  6%         2d10      50%         3
 Teleport Other           Tloc           3%         N/A       50%         3
 Dispel Undead            Necr           3%         3d7       88%         4
 Lightning Bolt           Conj/Air       5%         1d17      89%         5
 Death Channel            Necr           1%         N/A       100%        6
 Swiftness                Air            Unusable   N/A       N/A         3

Dungeon Overview and Level Annotations

Branches:
Dungeon (8/15)             Temple (1/1) D:4
   Lair: D:8-11

Altars:
Cheibriados
Elyvilon
Fedhas
Gozag
Hepliaklqana
Kikubaaqudgha
Nemelex Xobeh
Okawaru
Qazlal
Ru
Trog
Uskayaw
Vehumet
Wu Jian
Xom
Yredelemnul
Zin

Shops:
D:3 [

Annotations:
D:3 2 runed translucent doors, GiantSquids's ghost, amateur HOBe
D:6 1 runed translucent door, Dowan; Duvessa; Menkaure


Innate Abilities, Weirdness & Mutations

You cannot be hasted, slowed, berserked, paralysed or teleported.
You can dig through walls and to a lower floor.
You have a pair of large antennae on your head. (SInv)
Your four strong arms can wield two-handed weapons with a shield.


Message History

The centaur attacks as you move away! The centaur misses you. x2
You sense Yredelemnul urging you to kill the trapped human.
Found a runed translucent door.
The centaur wields a +0 shortbow.
The centaur shoots an arrow.
The arrow completely misses you.
Dowan, Brother of Duvessa comes into view.
He is wielding a +0 dagger and wearing a +1 robe of cold resistance.
Duvessa misses you.
Dowan shouts!
Found 3 boomerangs.
The centaur shoots an arrow.
The arrow completely misses you. The human zombie barely misses you.
Dowan gestures at Duvessa while chanting.
Duvessa seems to speed up.
Found a potion of curing.
Duvessa misses you.
Dowan mumbles some strange words.
Dowan blinks!
Duvessa attacks as you move away! Duvessa closely misses you.
Dowan casts a spell at you. The puff of flame hits you.
* * * LOW HITPOINT WARNING * * *
Duvessa hits you with a +0 rapier.
* * * LOW HITPOINT WARNING * * *
The centaur attacks as you move away!
The centaur unwields a +0 shortbow.
The centaur completely misses you. The centaur misses you.
The centaur wields a +0 shortbow.
The centaur shoots an arrow.
The arrow misses you. Duvessa attacks as you move away!
Duvessa closely misses you.
The centaur shoots an arrow.
The arrow completely misses you. Duvessa closely misses you.
Found a tubular granite ring.
Found a basalt altar of Yredelemnul.
Menkaure calls on the powers of darkness!
The centaur convulses!
The gnoll sergeant convulses!
Duvessa convulses!
The orc convulses!
Dowan convulses!
You feel a surge of unholy energy.
Dowan points at you and mumbles some strange words.
The puff of flame misses you.
The gnoll sergeant is lost in a daze.
Duvessa closely misses you.
You see here 3 boomerangs.
Duvessa attacks as you move away! Duvessa hits you with a +0 rapier.
* * * LOW HITPOINT WARNING * * *
Dowan casts a spell at you. The puff of flame hits you.
You die...

.........8.####
...............
.......5....#+#
........Z...#p#
....e..o....###
......gMcg.....
.......(.......
...!...e#......
.......@#.###..
.........#. ##
...........#
...........#
=............
.............#
...............
...............


You could see Duvessa (fast), a lemure, a gnoll sergeant (dazed), Menkaure
(fast), Dowan, a centaur, a gnoll, an orc and a human zombie.

Vanquished Creatures
  A black bear (D:5)
  A sky beast (D:8)
  5 ogres
  Blork the orc (D:5)
  A bullfrog (D:8)
  A necrophage (D:4)
  3 scorpions
  An orc priest (D:8)
  3 hounds
  An iguana (D:5)
  3 orc wizards
  Jessica (D:2)
  Terence (D:3)
  2 gnolls
  7 adders
  A worm (D:4)
  5 dart slugs
  13 orcs
  5 endoplasms
  4 giant cockroaches
  10 goblins
  A hobgoblin (D:2)
  A jackal (D:4)
  3 quokkas
  4 ball pythons
  5 bats
  7 frilled lizards
  7 kobolds
  9 rats
107 creatures vanquished.

Vanquished Creatures (others)
  4 plants (D:8)
4 creatures vanquished.

Grand Total: 111 creatures vanquished

Notes
Turn   | Place    | Note
-------+----------+-------------------------------------------
     0 | D:1      | Ceno the Formicid Earth Elementalist began the quest for
                  | the Orb.
     0 | D:1      | Reached XP level 1. HP: 13/13 MP: 3/3
   188 | D:1      | Reached XP level 2. HP: 19/19 MP: 3/5
   274 | D:1      | Learned a level 2 spell: Passwall
   593 | D:1      | Got the Folio of Dislocated Nephomancy
   708 | D:1      | Reached XP level 3. HP: 24/24 MP: 3/6
   742 | D:1      | Learned a level 3 spell: Stone Arrow
  1274 | D:2      | Identified the +2 leather armour "Ulaunye" {Slay+4}
  1362 | D:2      | Reached skill level 5 in Stealth
  1362 | D:2      | Reached XP level 4. HP: 25/30 MP: 1/7
  2109 | D:2      | Noticed Jessica
  2163 | D:2      | Killed Jessica
  2164 | D:2      | Reached skill level 1 in Conjurations
  2164 | D:2      | Reached XP level 5. HP: 35/35 MP: 5/9
  2378 | D:3      | Found a large runed translucent door.
  2389 | D:3      | Found a large runed translucent door.
  2438 | D:3      | Noticed Terence
  2460 | D:3      | Killed Terence
  2679 | D:3      | Noticed an ogre
  2841 | D:3      | Noticed GiantSquids's ghost (amateur HOBe)
  3022 | D:3      | Found Napig's Armour Emporium.
  3434 | D:3      | Killed an ogre
  3435 | D:3      | Reached XP level 6. HP: 41/41 MP: 6/12
  3591 | D:4      | Found an ornate altar of the Wu Jian Council.
  3705 | D:4      | Found a snail-covered altar of Cheibriados.
  3813 | D:4      | Reached skill level 4 in Earth Magic
  3813 | D:4      | Reached XP level 7. HP: 46/46 MP: 10/13
  4642 | D:4      | Found a staircase to the Ecumenical Temple.
  4652 | Temple   | Entered the Ecumenical Temple
  4875 | Temple   | Became a worshipper of Zin the Law-Giver
  4875 | Temple   | Reached * piety under Zin
  5059 | D:5      | Entered Level 5 of the Dungeon
  5064 | D:5      | Reached skill level 1 in Invocations
  5070 | D:5      | Reached skill level 5 in Earth Magic
  5070 | D:5      | Reached XP level 8. HP: 52/52 MP: 5/14
  5487 | D:5      | Noticed Blork the orc
  5503 | D:5      | Killed Blork the orc
  5594 | D:5      | Reached ** piety under Zin
  5629 | D:5      | You are sucked into a shaft and drop 3 floors!
  5639 | D:8      | Reached skill level 5 in Transmutations
  5643 | D:8      | Found a sparkling altar of Nemelex Xobeh.
  5643 | D:8      | Found a shimmering altar of Xom.
  5655 | D:8      | Reached skill level 6 in Earth Magic
  5838 | D:8      | Noticed a wraith
  5864 | D:8      | Found an ancient bone altar of Kikubaaqudgha.
  5949 | D:7      | Reached XP level 9. HP: 57/57 MP: 9/15
  5995 | D:6      | Noticed Menkaure
  5999 | D:6      | Noticed Duvessa
  6003 | D:6      | Found a runed translucent door.
  6003 | D:6      | Noticed Dowan
  6007 | D:6      | HP: 2/57 [Duvessa/+0 rapier (3)]
  6010 | D:6      | Found a basalt altar of Yredelemnul.
  6013 | D:6      | HP: 2/57 [Duvessa/+0 rapier (2)]
  6013 | D:6      | Killed from afar by Dowan

Illustrated notes

Levels and vault maps discovered:
D:1:      lemuel_arrival_funnel, layout_loops_cross
D:2:      layout_loops_cross, grunt_ministairs_8, grunt_decor_cap,
          minmay_pentomino_z4, uniq_jessica
D:3:      layout_loops_ring, serial_shops, nicolae_lakefront_shop,
          ebering_ghost_disaster_area, minmay_misc_feat_room,
          amcnicky_mini_corridor_feature, amcnicky_mini_rare_corridor_liquid,
          uniq_terence
D:4:      minmay_opposing_rooms, layout_loops_ring,
          mainiacjoe_overflow_surrounded_room, cheibriados_altar_1,
          temple_doors_ab
D:5:      layout_rooms, serial_curves, eino_curves_01, eino_curves_01,
          uniq_blork_the_orc
D:6:      layout_layer_cave, dk_yredelemnul_ordeal, kennysheep_orc_sif_temple,
          hex_tiny, grunt_decor_arrowhead, uniq_duvessa, uniq_menkaure,
          uniq_pikel, uniq_edmund
D:7:      layout_cave_pools, ashenzari_altar_1, grunt_livestock
D:8:      layout_cave_pools, gammafunk_temple_overflow_wave,
          gammafunk_temple_overflow_statue, amcnicky_altar_gilded,
          david_lair_shrubbed, enter_bailey_5
Temple:   grunt_temple_mini_profane

Skill      XL: |  1  2  3  4  5  6  7  8  9 |
---------------+----------------------------+-----
Stealth        | 3 4 5 |  5.0
Conjurations   | 1 2 3 4 |  4.9
Spellcasting   | 4 |  4.0
Transmutations | 2 3 4 5 |  5.4
Earth Magic    | 4 5 6 |  6.2
Invocations    | 1 3 4 |  4.0
Dodging        | |  1.7

Action                     |  1- 3 |  4- 6 |  7- 9 || total
---------------------------+-------+-------+-------++-------
  Melee: Dagger            |    14 |    23 |     8 ||    45
  Throw: Stone             |     1 |     6 |     6 ||    13
         Dart              |       |       |     1 ||     1
   Cast: Sandblast         |    24 |    46 |   100 ||   170
         Passwall          |    11 |    11 |     7 ||    29
 Invoke: Recite            |       |       |     1 ||     1
Ability: Dig               |       |       |     1 ||     1
    Use: Scroll            |       |     4 |     1 ||     5
         Potion            |       |       |     1 ||     1
   Stab: Sleeping          |    10 |    11 |     4 ||    25
 Armour: Robe              |     1 |       |       ||     1
         Leather armour    |     2 |    10 |    31 ||    43
  Dodge: Dodged            |     9 |    16 |    69 ||    94

Table legend: (Time is in decaauts)
 A = Elapsed time spent in this place.
 B = Non-inter-level travel time spent in this place.
 C = Inter-level travel time spent in this place.
 D = Time resting spent in this place.
 E = Time spent auto-exploring this place.
 F = Levels seen in this place.
 G = Mean time per level.
                   A        B        C        D        E       F      G
               +--------+--------+--------+--------+--------+-----+--------+
         Total |   6097 |   5966 |    131 |   1495 |   2736 |   9 |  677.4 |
       Dungeon |   5846 |   5773 |     73 |   1495 |   2555 |   8 |  730.8 |
        Temple |    250 |    192 |     58 |      0 |    181 |   1 |  250.0 |
               +--------+--------+--------+--------+--------+-----+--------+

Top non-repeatable levels by time:
     D:3: 1350 daAuts
     D:4: 1316 daAuts
     D:2: 1253 daAuts
     D:1: 1004 daAuts
     D:5: 525 daAuts
     D:8: 269 daAuts
  Temple: 250 daAuts
     D:7: 105 daAuts
     D:6: 23 daAuts
